 Dungeon Crawl Stone Soup version 0.29.0-4-gdea44cf6ec (webtiles) character file.

Game seed: 13260278333778207813

159 qw the Chopper (level 5, -1/30 HPs)
             Began as a Tengu Warper on Aug 28, 2022.
             Slain by an ogre
             ... wielding a +0 giant spiked club
              (24 damage)
             ... on level 4 of the Dungeon.
             The game lasted 00:00:21 (3834 turns).

qw the Chopper (Tengu Warper)                       Turns: 3834, Time: 00:00:21

Health: -1/30      AC:  9    Str: 13    XL:     5   Next: 40%
Magic:  9/9        EV:  7    Int: 14    God:
Gold:   139        SH:  0    Dex: 13    Spells: 8/8 levels left

rFire   + . .      SeeInvis .   Y - +1 hand axe
rCold   + . .      Faith    .   (no shield)
rNeg    . . .      Spirit   .   f - +0 chain mail
rPois   .          Reflect  .   (helmet restricted)
rElec   .          Harm     .   h - scarf {rC+ rF+}
rCorr   +          Rampage  .   o - +0 pair of gloves
Will    .....                   (boots unavailable)
Stlth   ..........              (no amulet)
HPRegen 0.10/turn               k - ring of resist corrosion
MPRegen 0.11/turn               (no ring)

@: flying quickly and evasively, quick
A: beak, talons 3, nimble flight
a: no special abilities


You were on level 4 of the Dungeon.
You visited 1 branch of the dungeon, and saw 4 of its levels.

You collected 139 gold pieces.


Innate Abilities, Weirdness & Mutations

You have a beak for a mouth.
You have claws for feet.
Your magical nature lets you fly swiftly and evasively.


   Skills:
 - Level 2.0 Fighting
 + Level 5.6 Axes
 - Level 1.0 Throwing
 - Level 2.1 Armour
 - Level 2.1 Dodging
 - Level 2.0 Spellcasting
 - Level 2.4 Translocations


You had 8 spell levels left.
You didn't know any spells.
Your spell library contained the following spells:

 Spells                   Type           Power      Damage    Failure   Level
 Blink                    Tloc           16%        N/A       99%         2
 Gell's Gravitas          Tloc           8%         N/A       100%        3
 Lesser Beckoning         Tloc           8%         N/A       100%        3
 Teleport Other           Tloc           8%         N/A       100%        3
 Manifold Assault         Tloc           8%         N/A       100%        5

Inventory:

Hand Weapons
 l - a +2 whip of electrocution
 Y - a +1 hand axe (weapon)
Armour
 f - a +0 chain mail (worn)
 h - a scarf of resistance (worn)
 o - a +0 pair of gloves (worn)
Jewellery
 k - a ring of resist corrosion (left hand)
Scrolls
 g - a scroll of identify
Potions
 b - a potion of attraction {unknown}
 c - a potion of flight {unknown}
 d - a potion of ambrosia {unknown}
 e - a potion of haste
 m - a potion of lignification {unknown}
 n - a potion of heal wounds {unknown}

Dungeon Overview and Level Annotations

Branches:
Dungeon (4/15)
 Temple: D:4-7

Altars:


Message History

The adder bites you but does no damage.
You closely miss the adder.
The adder is lightly wounded.
The adder bites you but does no damage.
You closely miss the adder. Your kick misses the adder.
Your peck misses the adder.
The adder is lightly wounded.
The adder bites you but does no damage. The adder completely misses you.
You miss the adder. Your kick misses the adder. You peck the adder.
The adder is moderately wounded.
The adder bites you but does no damage.
You closely miss the adder.
The adder is moderately wounded.
The adder bites you but does no damage.
You barely miss the adder.
The adder is moderately wounded.
The adder barely misses you. The adder bites you but does no damage.
You hit the adder. Your kick misses the adder. Your peck misses the adder.
The adder is severely wounded.
The adder bites you but does no damage.
You hit the adder.
You kill the adder!
Found a stone staircase leading down.
i - a javelin A goblin comes into view. It is wielding a +0 club.
Throw: javelin
Press: ? - help, Q - select action Shift-Dir - straight line, f - goblin You throw a javelin.
The javelin pierces through the goblin.
You kill the goblin!
An ogre comes into view. It is wielding a +0 giant spiked club.
You slash the ogre! Your kick misses the ogre. You peck the ogre.
The ogre is heavily wounded.
The ogre hits you with a +0 giant spiked club!
You barely miss the ogre. Your kick misses the ogre.
The ogre is heavily wounded.
You hit the ogre. You claw the ogre.
The ogre is severely wounded.
The ogre hits you with a +0 giant spiked club!!
Ouch! That really hurt!
You die...

#.. #. #.# #..
#.# #(.## #.##
.... ...#.#
$..#..#.#
#.#O.#>#######
#..@...........
###..#.##..#..#
#............
##............
#.............
#.###.#...#..#
#. #...).....
#. ##...######
#. #.........#


You could see an ogre.

Vanquished Creatures
  Jessica (D:3)
  5 adders
  A gnoll (D:1)
  An ufetubus (D:3)
  A dart slug (D:1)
  2 orcs (D:3)
  7 bats
  8 endoplasms
  3 giant cockroaches
  7 goblins
  5 hobgoblins (D:1)
  A quokka (D:2)
  5 ball pythons
  7 frilled lizards
  10 kobolds
  5 rats
69 creatures vanquished.

Vanquished Creatures (others)
  9 plants (D:1)
9 creatures vanquished.

Grand Total: 78 creatures vanquished

Notes
Turn   | Place    | Note
-------+----------+-------------------------------------------
     0 | D:1      | qw the Tengu Warper began the quest for the Orb.
     0 | D:1      | Reached XP level 1. HP: 12/12 MP: 4/4
     0 | D:1      | 0 ||| qw: Version: 0.1-a-89-g26bdef1
     0 | D:1      | 0 ||| qw: Game counter: 2046
     0 | D:1      | 0 ||| qw: Always use a shield: true
     0 | D:1      | 0 ||| qw: God list: Okawaru
     0 | D:1      | 0 ||| qw: Allow faded altars: false
     0 | D:1      | 0 ||| qw: Do Orc after D:15 true
     0 | D:1      | 0 ||| qw: Do second Lair branch before Depths: true
     0 | D:1      | 0 ||| qw: Lair rune preference: random
     0 | D:1      | 0 ||| qw: Plans: Normal
     0 | D:1      | 0 ||| PLANNING D:1-11
   240 | D:1      | 240 ||| Stepping ~*~*~tactically~*~*~ (stealth).
   242 | D:1      | 242 ||| Stepping ~*~*~tactically~*~*~ (stealth).
   250 | D:1      | Reached skill level 3 in Axes
   250 | D:1      | Reached XP level 2. HP: 13/17 MP: 6/6
   251 | D:1      | 251 ||| Stepping ~*~*~tactically~*~*~ (stealth).
   329 | D:1      | 329 ||| Stepping ~*~*~tactically~*~*~ (stealth).
   465 | D:1      | 465 ||| Stepping ~*~*~tactically~*~*~ (hiding).
   466 | D:1      | 466 ||| Stepping ~*~*~tactically~*~*~ (hiding).
   758 | D:1      | Reached XP level 3. HP: 21/21 MP: 7/7
   761 | D:1      | Reached skill level 4 in Axes
   887 | D:1      | 887 ||| Stepping ~*~*~tactically~*~*~ (stealth).
   889 | D:1      | 889 ||| Stepping ~*~*~tactically~*~*~ (stealth).
   893 | D:1      | 893 ||| Stepping ~*~*~tactically~*~*~ (stealth).
   941 | D:1      | 941 ||| Stepping ~*~*~tactically~*~*~ (stealth).
  1041 | D:1      | 1041 ||| Stepping ~*~*~tactically~*~*~ (stealth).
  1444 | D:1      | 1444 ||| UPGRADING to +0 chain mail.
  1454 | D:1      | 1454 ||| DROPPING +0 leather armour.
  1455 | D:1      | 1455 ||| UPGRADING to scarf of resistance.
  1460 | D:1      | 1460 ||| DROPPING orb of energy.
  1461 | D:1      | 1461 ||| UPGRADING to +0 pair of gloves.
  1466 | D:1      | 1466 ||| READING 2 scrolls labelled EHECEA VUTO.
  1467 | D:1      | 1467 ||| READING 3 scrolls labelled HEOLUWKYLOF.
  1468 | D:1      | 1468 ||| READING scroll labelled YFAYLE YSYI.
  1469 | D:1      | 1469 ||| READING scroll labelled QEADWA XOFU.
  1470 | D:1      | 1470 ||| READING 2 scrolls of identify.
  1470 | D:1      | 1470 ||| IDENTIFYING viscous sapphire potion
  1471 | D:1      | 1471 ||| DROPPING scroll of vulnerability.
  1472 | D:1      | 1472 ||| DROPPING scroll of blinking.
  1559 | D:2      | Reached XP level 4. HP: 23/26 MP: 8/8
  1775 | D:2      | 1775 ||| Stepping ~*~*~tactically~*~*~ (stealth).
  2315 | D:2      | Found a faded altar of an unknown god.
  2380 | D:2      | Reached skill level 5 in Axes
  2626 | D:2      | 2626 ||| UPGRADING to ring of resist corrosion.
  2627 | D:2      | 2627 ||| READING scroll labelled LOCONW BIUDE.
  2728 | D:2      | 2728 ||| READING scroll labelled COS PIGHASEP.
  2729 | D:2      | 2729 ||| READING scroll labelled ZUPLOI NIDUSM.
  2841 | D:3      | 2841 ||| Stepping ~*~*~tactically~*~*~ (stealth).
  3202 | D:3      | Gained mutation: Your magical nature lets you fly swiftly
                  | and evasively. [Tengu growth]
  3202 | D:3      | Reached XP level 5. HP: 12/30 MP: 9/9
  3417 | D:3      | 3417 ||| Stepping ~*~*~tactically~*~*~ (stealth).
  3446 | D:3      | 3446 ||| DROPPING +0 whip.
  3516 | D:3      | Noticed Jessica
  3518 | D:3      | Killed Jessica
  3772 | D:3      | 3772 ||| READING scroll labelled BOIVAA FOBA.
  3773 | D:3      | 3773 ||| READING scroll labelled GOHEOTZE WECWE.
  3826 | D:4      | Noticed an ogre
  3834 | D:4      | Slain by an ogre

Levels and vault maps discovered:
D:1:      zaba_arrival_water, layout_basic, lexackson_kobold_supper
D:2:      layout_basic, nicolae_ecumenical_lake_church, grunt_decor_one_mirror,
          st_stairs_9
D:3:      layout_rooms, roderic_roman_lattice, grunt_ministairs_14,
          minmay_crystal_water, st_stairs_9, uniq_jessica
D:4:      layout_loops_ring, mainiacjoe_overflow_swirl, temple_hall,
          chequers_serial_rivers_micro_c, due_unseen_surprise, uniq_menkaure

Skill      XL: |  1  2  3  4 |
---------------+-------------+-----
Axes           | 3 4 5 |  5.6
Armour         | 2 |  2.1
Fighting       | |  2.0
Throwing       | |  1.0
Dodging        | |  2.1
Spellcasting   | |  2.0
Translocations | |  2.4

Action                   |  1- 3 |  4- 6 || total
-------------------------+-------+-------++-------
Melee: Hand axe          |    71 |    97 ||   168
       Kick              |    12 |    12 ||    24
       Peck              |    11 |    13 ||    24
Throw: Boomerang         |     7 |       ||     7
       Javelin           |       |    16 ||    16
  Use: Scroll            |     5 |     5 ||    10
Armor: Leather armour    |    14 |       ||    14
       Chain mail        |     9 |    66 ||    75
Dodge: Dodged            |    29 |    27 ||    56

Table legend:
 A = Non-vault XP
 B = Vault XP
 C = Vault XP percentage of total XP
 D = Non-vault monster count
 E = Vault monster count
 F = Vault count percentage of total count
                 A         B        C        D         E       F
            +---------+---------+-------+---------+---------+-------
      Total |     161 |      67 |  29.4 |      53 |      16 |  23.2
            +---------+---------+-------+---------+---------+-------
        D:1 |      58 |      12 |  17.1 |      27 |       8 |  22.9
        D:2 |      42 |       3 |   6.7 |      12 |       2 |  14.3
        D:3 |      44 |      52 |  54.2 |      11 |       6 |  35.3
        D:4 |      17 |       0 |   0.0 |       3 |       0 |   0.0
            +---------+---------+-------+---------+---------+-------
